 Dungeon Crawl Stone Soup version 0.31-a0-1405-g2bb1a01 (webtiles) character file.

Game seed: 3736975822853828633

292 Meow the Conjurer (level 6, -2/49 HPs)
             Began as a Naga Conjurer on Dec 25, 2023.
             Engulfed by a cloud of steam (10 damage)
             ... on level 4 of the Dungeon.
             The game lasted 00:10:21 (2856 turns).

Meow the Conjurer (Naga Conjurer)                   Turns: 2856, Time: 00:10:21

Health: -2/49      AC:  4    Str:  9    XL:     6   Next: 33%
Magic:  4/12       EV:  9    Int: 21    God:
Gold:   52         SH:  0    Dex:  9    Spells: 5/13 levels left

rFire   . . .        a - +0 sling
rCold   . . .        (no shield)
rNeg    . . .        c - +0 robe
rPois   +            l - +0 helmet
rElec   .            (no cloak)
rCorr   .            (no gloves)
SInv    +            (no barding)
Will    .....        (no amulet)
Stlth   ++           (no ring)
HPRegen 0.28/turn    (no ring)
MPRegen 0.13/turn

%: no passive effects
@: very slow
A: AC +2, large, see invisible, deformed body, poison resistance, slowness 2,
spit poison 1, naga tail 1
a: Spit Poison


You were on level 4 of the Dungeon.
You visited 2 branches of the dungeon, and saw 5 of its levels.

You collected 52 gold pieces.

Inventory:

Hand Weapons
 a - a +0 sling (weapon)
 b - a +1 short sword of flaming
Missiles
 d - 41 stones
Armour
 c - a +0 robe (worn)
 l - a +0 helmet (worn)
Scrolls
 e - a scroll of enchant armour {unknown}
 g - a scroll of enchant weapon {unknown}
 h - a scroll of blinking {unknown}
 i - a scroll of fog {unknown}
 n - a scroll of vulnerability {unknown}
 p - a scroll of torment {unknown}
 r - a scroll of noise {unknown}
 t - a scroll of fear {unknown}
Potions
 f - 2 potions of curing
 k - a potion of mutation
 m - a potion of might {unknown}
 o - 3 potions of magic
 q - a potion of attraction {unknown}
 s - a potion of enlightenment {unknown}


   Skills:
 - Level 1.5 Dodging
 - Level 3.0 Stealth
 + Level 4.0 Spellcasting
 + Level 5.6 Conjurations
 + Level 2.4 Fire Magic


You had 5 spell levels left.
You knew the following spells:

 Your Spells              Type           Power      Damage    Failure   Level
a - Magic Dart            Conj           100%       1d8       1%          1
b - Searing Ray           Conj           54%        2d6       1%          2
A - Foxfire               Conj/Fire      84%        2x1d8     2%          1
B - Iskenderun's Mystic   Conj/Tloc      16%        2d5       36%         4

Your spell library contained the following spells:

 Spells                   Type           Power      Damage    Failure   Level
 Lesser Beckoning         Tloc           8%         N/A       19%         2
 Gell's Gravitas          Tloc           4%         N/A       34%         3
 Teleport Other           Tloc           4%         N/A       34%         3
 Fulminant Prism          Conj/Alch      8%         3d6       36%         4
 Starburst                Conj/Fire      10%        6d5       98%         6
 Plasma Beam              Fire/Air       4%         2x1d14    100%        6


Dungeon Overview and Level Annotations

Branches:
Dungeon (4/15)             Temple (1/1) D:4

Altars:
Ashenzari
Dithmenos
Elyvilon
Gozag
Hepliaklqana
Kikubaaqudgha
Makhleb
Okawaru
Qazlal
Ru
Sif Muna
Uskayaw
Zin

Shops:
D:2 :


Innate Abilities, Weirdness & Mutations

Your serpentine skin is tough. (AC +2)
You have supernaturally acute eyesight. (SInv)
Armour fits poorly on your strangely shaped body.
Your system is resistant to poisons. (rPois)
You cover ground very slowly.
You can spit poison.
You have a snake-like lower body.


Message History

The searing ray hits the steam dragon!
The steam dragon is heavily wounded. (Press . to maintain the ray.)
The steam dragon closely misses you. x2
The searing ray misses the steam dragon.
You have got your breath back.
The steam dragon breathes steam at you. The ball of steam hits you!!
You hear a shout! x3
Unknown command.
The searing ray hits the steam dragon!
The steam dragon is severely wounded.
You are engulfed in a cloud of scalding steam.
The steam dragon bites you. The steam dragon closely misses you.
The searing ray hits the steam dragon.
The steam dragon is almost dead.
You finish channelling your searing ray.
You are engulfed in a cloud of scalding steam.
* * * LOW HITPOINT WARNING * * *
The steam dragon barely misses you. The steam dragon closely misses you.
Unknown command.
Unknown command.
Casting: Searing Ray (safe; 1% risk of failure)
Confirm with . or Enter, or press ? or * to list all spells.
Aiming: Searing Ray (safe; 1% risk of failure)
Press: ? - help, Shift-Dir - straight line, f/p - steam dragon
Aim: a steam dragon (almost dead, 79% to hit)
The searing ray hits the steam dragon.
The steam dragon is almost dead. (Press . to maintain the ray.)
You are engulfed in a cloud of scalding steam.
* * * LOW HITPOINT WARNING * * *
The steam dragon breathes steam at you. The ball of steam misses you.
You hear a shout! x3
The searing ray hits the steam dragon.
You kill the steam dragon!
The steam dragon scales are intact enough to wear.
You are engulfed in a cloud of scalding steam.
You die...

............
#...........#
#......?....#
#...........#
#...........#
#...........#
#...........#
#.........§§#
#.....[@§§§.#
#############


There were no monsters in sight!

Vanquished Creatures
  A steam dragon (D:4)
  An ogre (D:4)
  A bombardier beetle (D:3)
  A jelly (D:4)
  A gnoll (D:1)
  5 adders
  2 ufetubi (D:3)
  2 worms
  2 dart slugs
  3 orcs
  6 ball pythons
  3 bats
  10 endoplasms
  4 giant cockroaches
  8 hobgoblins
  3 jackals (D:1)
  8 kobolds
  3 frilled lizards
  5 goblins
  4 rats
73 creatures vanquished.

Vanquished Creatures (others)
  11 foxfires
11 creatures vanquished.

Grand Total: 84 creatures vanquished

Notes
Turn   | Place    | Note
-------+----------+-------------------------------------------
     0 | D:1      | Meow the Naga Conjurer began the quest for the Orb.
     0 | D:1      | Reached XP level 1. HP: 15/15 MP: 3/3
   153 | D:1      | Reached XP level 2. HP: 22/22 MP: 5/5
   156 | D:1      | Learned a level 2 spell: Searing Ray
   393 | D:1      | Reached XP level 3. HP: 28/28 MP: 2/6
  1002 | D:2      | Reached XP level 4. HP: 36/36 MP: 6/8
  1020 | D:2      | Learned a level 1 spell: Foxfire
  1029 | D:2      | Learned a level 4 spell: Iskenderun's Mystic Blast
  1192 | D:2      | Found Uliddixo's Book Boutique.
  1510 | D:3      | Reached skill level 5 in Conjurations
  1583 | D:3      | Reached skill level 1 in Fire Magic
  1685 | D:3      | Reached XP level 5. HP: 42/42 MP: 10/10
  1709 | D:3      | Found a sacrificial altar of Ru.
  2601 | D:4      | Noticed an ogre
  2613 | D:4      | Found a staircase to the Ecumenical Temple.
  2621 | Temple   | Entered the Ecumenical Temple
  2630 | D:4      | Noticed a black bear
  2633 | D:4      | Killed an ogre
  2634 | D:4      | Reached XP level 6. HP: 17/49 MP: 5/12
  2848 | D:4      | Noticed a steam dragon
  2856 | D:4      | Killed a steam dragon
  2856 | D:4      | Engulfed by a cloud of steam

Illustrated notes

Levels and vault maps discovered:
D:1:      dpeg_arrival_more_subterranean_lakeside_camping, layout_rooms
D:2:      layout_rooms, serial_shops, shop
D:3:      layout_basic, general_overflow_altar, grunt_ministairs_5
D:4:      layout_basic, grunt_temple_overflow_cloverleaf,
          minmay_temple_entry_glass
Temple:   hellmonk_temple_two_chambers

Skill      XL: |  1  2  3  4  5 |
---------------+----------------+-----
Spellcasting   | 3 4 |  4.0
Conjurations   | 5 |  5.6
Fire Magic     | 1 2 |  2.4
Dodging        | |  1.5
Stealth        | |  3.0

Action                     |  1- 3 |  4- 6 || total
---------------------------+-------+-------++-------
   Fire: Sling             |       |     2 ||     2
   Cast: Magic Dart        |    45 |    23 ||    68
         Searing Ray       |     2 |    15 ||    17
         Foxfire           |       |     9 ||     9
         Iskenderun's Myst |       |     1 ||     1
Ability: Spit Poison       |    15 |    25 ||    40
    Use: Scroll            |       |     4 ||     4
 Armour: Robe              |     4 |    26 ||    30
  Dodge: Dodged            |     2 |    13 ||    15

Table legend: (Time is in decaauts)
 A = Elapsed time spent in this place.
 B = Non-inter-level travel time spent in this place.
 C = Inter-level travel time spent in this place.
 D = Time resting spent in this place.
 E = Time spent auto-exploring this place.
 F = Levels seen in this place.
 G = Mean time per level.
                   A        B        C        D        E       F      G
               +--------+--------+--------+--------+--------+-----+--------+
         Total |   3526 |   3390 |    136 |    919 |   2003 |   5 |  705.2 |
       Dungeon |   3306 |   3170 |    136 |    721 |   2003 |   4 |  826.5 |
        Temple |    220 |    220 |      0 |    198 |      0 |   1 |  220.0 |
               +--------+--------+--------+--------+--------+-----+--------+

Top non-repeatable levels by time:
     D:3: 1479 daAuts
     D:1: 1118 daAuts
     D:2: 587 daAuts
  Temple: 220 daAuts
     D:4: 121 daAuts
